 Dungeon Sprint DCSS version 0.15-a0-1253-g15b4f57 (webtiles) character file.

1242 MDvedh the Basher (level 8, -7/44 HPs)
             Began as a Gargoyle Gladiator on June 4, 2014.
             Was a Priest of Vehumet.
             Mangled by Gastronok (25 damage)
             ... in the Dungeon (Sprint IX: "|||||||||||||||||||||||||||||").
             The game lasted 00:02:35 (1053 turns).

MDvedh the Basher (Gargoyle Gladiator)              Turns: 1053, Time: 00:02:36

HP  -7/44        AC 24     Str 20      XL: 8   Next: 49%
MP  23/23        EV  7     Int 10      God: Vehumet [***...]
Gold 0           SH  0     Dex 13      Spells:  1 memorised, 20 levels left

rFire  . . .     SeeInvis .     p - +2 morningstar (protect)
rCold  . . .     Clarity  .     s - +1 chain mail
rNeg   + . .     rCorr    .     (no shield)
rPois  +         rRot     +     c - +0 helmet
rElec  +         Spirit   .     r - +0 cloak
SustAb .         Warding  .     q - +0 pair of gloves
rMut   .         NoTele   +     (no boots)
Gourm  .                        (no amulet)
MR     .....                    t - +2 ring of protection
                                b - +3 ring of dexterity

@: slowed, very slow, not resistant to hostile enchantments, extremely
unstealthy
A: life protection 1, electricity resistance, unbreathing, petrification
resistance, rot immunity, AC +5
a: Renounce Religion


You were in the Dungeon.
You worshipped Vehumet.
Vehumet was most pleased with you.
You were not hungry.

You visited 1 branch

Inventory:

Hand weapons
 a - a +0,+0 flail
 p - a +2,+2 morningstar of protection (weapon)
Missiles
 d - 3 throwing nets (quivered)
Armour
 c - a +0 helmet (worn)
 q - a +0 pair of gloves (worn)
 r - a +0 cloak (worn)
 s - a +1 chain mail (worn)
Magical devices
 o - a wand of draining (7)
Comestibles
 f - a bread ration
 g - 4 chunks of yak flesh
 j - a chunk of centaur flesh
Scrolls
 k - 2 scrolls of blinking
 m - 3 scrolls of remove curse
 n - 2 scrolls of amnesia
Jewellery
 b - a +3 ring of dexterity (left hand)
 t - a +2 ring of protection (right hand)
Potions
 e - 4 potions of curing
 h - a potion of haste
 i - 4 potions of magic
 l - a potion of invisibility


   Skills:
 - Level 2.1 Fighting
 + Level 14.3 Maces & Flails
 - Level 2.0 Throwing
 - Level 2.4 Dodging
 + Level 7.0 Spellcasting
 + Level 8.5 Conjurations


You had 20 spell levels left.
You knew the following spells:

 Your Spells              Type           Power        Failure   Level  Hunger
a - Shock                 Conj/Air       ##..         13%         1    None


Dungeon Overview and Level Annotations

Branches:
Dungeon (1/1)

Altars:
Cheibriados
Dithmenos
Elyvilon
Fedhas
Gozag
Kikubaaqudgha
Makhleb
Nemelex Xobeh
Okawaru
Qazlal
Sif Muna
Trog
Vehumet
Xom
Yredelemnul
Zin
The Shining One
Beogh
Jiyva
Lugonu

Annotations:
D Gastronok


Innate Abilities, Weirdness & Mutations

You are resistant to torment.
You are immune to poison.
Your stone body is very resilient (AC +5).
You resist negative energy.
You are resistant to electric shocks.
You can survive without breathing.
You are immune to petrification.
You are immune to rotting.


Message History

* * * LOW HITPOINT WARNING * * *
You are too injured to fight recklessly!
You are too injured to fight recklessly!
Drink which item? (? for menu, Esc to quit)
You feel better. Gastronok barely misses you.
You thump Gastronok!
Gastronok is heavily wounded.
You hit Gastronok but do no damage.
Gastronok is heavily wounded.
Gastronok closely misses you.
You hit Gastronok but do no damage.
Gastronok is heavily wounded.
You puncture Gastronok!
Gastronok is heavily wounded.
Gastronok's eyestalks stretch out, then return to normal size.
You puncture Gastronok!
Gastronok is severely wounded.
Gastronok bites you!!
Ouch! That really hurt!
You die...

▓_▓.▓
▓_▓.▓
▓_▓.▓
▓_▓.▓
▓_▓.▓
▓_▓.▓
▓_▓.▓
▓_▓.▓
▓_▓@▓
▓_▓w▓
▓_▓.▓
▓_▓.▓
▓_▓.▓
▓'▓.▓
▓.▓.▓
▓.▓.▓
▓.▓.▓


You could see Gastronok.

Vanquished Creatures
  A centaur warrior (D)
  A yak (D)
  A deep elf mage (D)
  An ugly thing (D)
  An orc warrior (D)
  An ice beast (D)
  An ogre (D)
  A wight (D)
  A jelly (D)
  A worker ant (D)
  An adder (D)
  A giant gecko (D)
  An orc (D)
  3 hobgoblins (D)
  A kobold (D)
  A giant newt zombie (D)
  A goblin (D)
  A goblin zombie (D)
  2 quokkas (D)
  A rat (D)
23 creatures vanquished.

Notes
Turn   | Place    | Note
--------------------------------------------------------------
     0 | D        | MDvedh, the Gargoyle Gladiator, began the quest for the Orb.
     0 | D        | Reached XP level 1. HP: 12/12 MP: 1/1
    17 | D        | Reached skill level 4 in Maces & Flails
    27 | D        | Reached XP level 2. HP: 2/17 MP: 2/2
   405 | D        | Noticed a worker ant
   410 | D        | Reached skill level 5 in Maces & Flails
   425 | D        | Reached skill level 6 in Maces & Flails
   431 | D        | Killed a worker ant
   431 | D        | Reached skill level 7 in Maces & Flails
   431 | D        | Reached XP level 3. HP: 7/21 MP: 3/3
   641 | D        | Found a glowing silver altar of Zin.
   641 | D        | Found a glowing golden altar of the Shining One.
   641 | D        | Found an ancient bone altar of Kikubaaqudgha.
   641 | D        | Found a basalt altar of Yredelemnul.
   641 | D        | Found a shimmering altar of Xom.
   641 | D        | Found a radiant altar of Vehumet.
   641 | D        | Found an iron altar of Okawaru.
   642 | D        | Found a burning altar of Makhleb.
   643 | D        | Found a deep blue altar of Sif Muna.
   644 | D        | Found a bloodstained altar of Trog.
   645 | D        | Found a sparkling altar of Nemelex Xobeh.
   646 | D        | Found a white marble altar of Elyvilon.
   647 | D        | Found a roughly hewn altar of Beogh.
   648 | D        | Found a viscous altar of Jiyva.
   649 | D        | Found a corrupted altar of Lugonu.
   651 | D        | Became a worshipper of Vehumet
   653 | D        | Found a blossoming altar of Fedhas.
   654 | D        | Found a snail-covered altar of Cheibriados.
   655 | D        | Found a shadowy altar of Dithmenos.
   656 | D        | Found a stormy altar of Qazlal.
   657 | D        | Found an opulent altar of Gozag.
   706 | D        | Noticed an orc warrior
   706 | D        | Noticed a wight
   706 | D        | Noticed an ogre
   710 | D        | Killed an ogre
   710 | D        | Reached skill level 10 in Maces & Flails
   710 | D        | Reached XP level 4. HP: 5/26 MP: 4/4
   710 | D        | Reached XP level 5. HP: 5/30 MP: 5/5
   712 | D        | Killed a wight
   712 | D        | Reached skill level 11 in Maces & Flails
   714 | D        | Acquired Vehumet's first power
   714 | D        | Offered knowledge of Shock by Vehumet.
   730 | D        | Killed an orc warrior
   730 | D        | Reached skill level 12 in Maces & Flails
   730 | D        | Reached XP level 6. HP: 19/35 MP: 6/6
   860 | D        | Learned a level 1 spell: Shock
   866 | D        | Noticed a yak
   866 | D        | Noticed a centaur warrior
   866 | D        | Noticed a white ugly thing
   866 | D        | Noticed a deep elf mage
   866 | D        | Noticed a jelly
   869 | D        | Offered knowledge of Sting by Vehumet.
   870 | D        | Killed a jelly
   870 | D        | Reached skill level 1 in Spellcasting
   870 | D        | Reached skill level 1 in Conjurations
   896 | D        | Killed a deep elf mage
   896 | D        | Reached skill level 13 in Maces & Flails
   896 | D        | Reached XP level 7. HP: 25/40 MP: 9/15
   900 | D        | HP: 1/40 [white ugly thing (20)]
   909 | D        | Killed a white ugly thing
   909 | D        | Acquired Vehumet's second power
   909 | D        | Reached skill level 5 in Conjurations
   922 | D        | Killed a centaur warrior
   922 | D        | Reached skill level 14 in Maces & Flails
   922 | D        | Reached XP level 8. HP: 28/44 MP: 14/22
   930 | D        | Killed a yak
  1036 | D        | Noticed Gastronok
  1053 | D        | Mangled by Gastronok

Action                   |  1- 3 |  4- 6 |  7- 9 || total
-------------------------+-------+-------+-------++-------
Melee: Flail             |    50 |       |       ||    50
       Morningstar       |     3 |    47 |    42 ||    92
  Use: Potion            |     1 |     1 |     3 ||     5
